 Dungeon Crawl Stone Soup version 0.17-a0-2127-g1cb09f6 (webtiles) character file.

11017 Ijustatesigmund the Covert (level 11, -11/90 HPs)
             Began as a Naga Wizard on Oct 23, 2015.
             Was a High Priest of Cheibriados.
             Mangled by a hill giant
             ... wielding a +0 giant club
              (22 damage)
             ... on level 12 of the Dungeon.
             The game lasted 01:18:06 (14606 turns).

Ijustatesigmund the Covert (Naga Wizard)           Turns: 14606, Time: 01:18:07

Health: -11/90     AC: 11    Str: 21    XL:     11   Next: 71%
Magic:  14/29      EV: 12    Int: 33    God:    Cheibriados [*****.]
Gold:   555        SH:  0    Dex: 23    Spells: 8 memorised, 2 levels left

rFire  + . .     SeeInvis +     d - +2 short sword (elec)
rCold  . . .     Clarity  .     k - +0 leather armour {rF+}
rNeg   . . .     SustAt   .     (no shield)
rPois  +         Gourm    .     i - +1 helmet
rElec  .         Spirit   .     u - +0 cloak
rCorr  .         Warding  .     p - +1 pair of gloves
rMut   .         Stasis   .     (no barding)
MR     ++...                    e - amulet of regeneration
Stlth  +++++.....               A - ring of protection from magic
                                y - ring of magical power

@: very slow, very resistant to hostile enchantments, quite stealthy
A: see invisible, deformed body, poison resistance, slowness 2, slow metabolism
1, spit poison 2, AC +3
a: Spit Poison, Bend Time, Temporal Distortion, Slouch, Step From Time, Renounce
Religion


You were on level 12 of the Dungeon.
You worshipped Cheibriados.
Cheibriados was extremely pleased with you.
You were not hungry.

You visited 2 branches of the dungeon, and saw 13 of its levels.
You also visited: Bailey.

You collected 710 gold pieces.
You spent 155 gold pieces at shops.

Inventory:

Hand Weapons
 d - a +2 short sword of electrocution (weapon)
 h - a +0 dagger
 C - a +0 triple crossbow
Missiles
 n - 13 tomahawks (quivered)
Armour
 i - a +1 helmet (worn)
 k - a +0 leather armour of fire resistance (worn)
 p - a +1 pair of gloves (worn)
 u - a +0 cloak (worn)
 H - the +2 chain mail of the Hare {MR+ rCorr Stlth+}
   (You found it on level 6 of the Dungeon)

   It affects your resistance to hostile enchantments.
   It protects you from acid and corrosion.
   It makes you more stealthy.
 R - the +5 scale mail of Qazlal's Generosity {rElec rF- Regen+}
   (You found it on level 10 of the Dungeon)

   It makes you vulnerable to fire.
   It insulates you from electricity.
   It increases your rate of regeneration.
Jewellery
 e - an amulet of regeneration (around neck)
 y - a ring of magical power (left hand)
 A - a ring of protection from magic (right hand)
 J - an uncursed ring of fire
 O - an uncursed ring of protection from magic
 Q - an uncursed amulet of resist mutation
Wands
 G - a wand of paralysis (22)
 M - a wand of frost (12)
 P - a wand of lightning (3)
 S - a wand of polymorph (3)
Scrolls
 a - a scroll of recharging
 q - 4 scrolls of remove curse
 r - 2 scrolls of amnesia
 s - 2 scrolls of fear
 t - 2 scrolls of magic mapping
 v - 2 scrolls of immolation
 w - 2 scrolls of blinking
 E - 2 scrolls of fog
 F - 3 scrolls of teleportation
Potions
 b - 2 potions of curing
 f - a potion of cancellation
 g - 2 potions of heal wounds
 l - 2 potions of magic
 m - a potion of beneficial mutation {unknown}
 z - a potion of flight {unknown}
 B - a potion of haste {unknown}
 D - a potion of lignification
 I - a potion of brilliance {unknown}
 T - 2 potions of cure mutation
 U - a potion of invisibility
 V - a potion of resistance {unknown}
Books
 c - a book of Minor Magic

   Spells                             Type                      Level
   a - Magic Dart                     Conjuration                  1
   b - Blink                          Translocation                2
   c - Call Imp                       Summoning                    2
   d - Repel Missiles                 Charms/Air                   2
   e - Slow                           Hexes                        2
   f - Conjure Flame                  Conjuration/Fire             3
   g - Mephitic Cloud                 Conjuration/Poison/Air       3
 o - a book of Power

   Spells                             Type                      Level
   a - Fulminant Prism                Conjuration/Hexes            4
   b - Iskenderun's Mystic Blast      Conjuration                  4
   c - Venom Bolt                     Conjuration/Poison           5
   d - Bolt of Magma                  Conjuration/Fire/Earth       5
   e - Iron Shot                      Conjuration/Earth            6
   f - Orb of Destruction             Conjuration                  7
   g - Spellforged Servitor           Conjuration/Summoning        7
 x - a Young Poisoner's Handbook

   Spells                             Type                      Level
   a - Sting                          Conjuration/Poison           1
   b - Cure Poison                    Poison                       2
   c - Mephitic Cloud                 Conjuration/Poison/Air       3
   d - Olgreb's Toxic Radiance        Poison                       4
   e - Venom Bolt                     Conjuration/Poison           5
 N - a book of Dreams

   Spells                             Type                      Level
   a - Ensorcelled Hibernation        Hexes/Ice                    2
   b - Phase Shift                    Translocation                5
   c - Shadow Creatures               Summoning                    5
   d - Silence                        Hexes/Air                    5
   e - Darkness                       Hexes                        6
   f - Mass Confusion                 Hexes                        6
Comestibles
 j - 7 meat rations
 K - 8 royal jellies
 L - 5 beef jerkies


   Skills:
 - Level 3.2 Fighting
 - Level 4.5 Short Blades
 + Level 3.8 Armour
 - Level 3.8 Dodging
 - Level 10.0 Stealth
 - Level 6.5 Spellcasting
 - Level 8.1 Conjurations
 - Level 4.2 Hexes
   Level 1.0 Summonings
 - Level 2.5 Translocations
 - Level 4.3 Ice Magic
 - Level 5.1 Air Magic
 - Level 6.2 Poison Magic
 - Level 4.2 Invocations


You had 2 spell levels left.
You knew the following spells:

 Your Spells              Type           Power        Failure   Level  Hunger
a - Magic Dart            Conj           ####         1%          1    None
b - Blink                 Tloc           N/A          2%          2    None
c - Repel Missiles        Chrm/Air       ####..       2%          2    None
d - Mephitic Cloud        Conj/Pois/Air  ######..     1%          3    None
e - Conjure Flame         Conj/Fire      #####...     2%          3    None
f - Olgreb's Toxic Radia  Pois           ######..     4%          4    ##.....
g - Iskenderun's Mystic   Conj           ######..     1%          4    ##.....
h - Ensorcelled Hibernat  Hex/Ice        #####.       1%          2    None


Dungeon Overview and Level Annotations

Branches:
Dungeon (12/15)            Temple (1/1) D:7            Lair (0/8) D:11
    Orc (0/4) D:9

Altars:
Ashenzari
Cheibriados
Dithmenos
Fedhas
Kikubaaqudgha
Makhleb
Nemelex Xobeh
Okawaru
Ru
Trog
Vehumet
Xom
Yredelemnul
Zin

Shops:
D:5 (   D:7 }   D:8 *   D:9 ?


Innate Abilities, Weirdness & Mutations

You cannot wear boots.
Your serpentine skin is tough (AC +3).
You have supernaturally acute eyesight.
Armour fits poorly on your strangely shaped body.
Your system is resistant to poisons.
You cover ground very slowly.
You have a slow metabolism.
You can spit poison.


Message History

Aim: a hill giant, wielding a giant club (moderately wounded)
The magic dart hits the hill giant.
The hill giant is moderately wounded.
The hill giant closely misses you.
Casting: Magic Dart
Confirm with . or Enter, or press ? or * to list all spells.
Aiming: Magic Dart
Press: ? - help, Shift-Dir - straight line, f/p - hill giant
Aim: a hill giant, wielding a giant club (moderately wounded)
The magic dart hits the hill giant.
The hill giant is moderately wounded.
Casting: Magic Dart
Confirm with . or Enter, or press ? or * to list all spells.
Aiming: Magic Dart
Press: ? - help, Shift-Dir - straight line, f/p - hill giant
Aim: a hill giant, wielding a giant club (moderately wounded)
The magic dart hits the hill giant.
The hill giant is moderately wounded.
The hill giant hits you with a giant club!!
You die...

.... ....
..... .....
......
....##+######
#.C........
#..@†......
#..).......
#..........
+.[........
#..........
#..........
#..........
##+###+####


You could see a hill giant.

Vanquished Creatures
  Erolcha (D:9)
  Urug (D:10)
  The ghost of Uberwunderbarhen the Nimble, a novice OpFi of Makhleb (D:8)
  A hill giant (D:10)
  Pikel (D:9)
  The ghost of George the Carver, a novice MiFi (Bailey)
  Maurice (D:9)
  Joseph (D:8)
  Prince Ribbit (D:5)
  A trapdoor spider zombie (D:10)
  A shadow (D:11)
  2 wyverns
  A yak (D:8)
  A hungry ghost (D:10)
  2 hippogriffs (D:10)
  A water moccasin (D:7)
  2 soldier ants (D:8)
  A slave (D:9)
  Duvessa (D:4)
  3 sky beasts
  3 black bears
  7 orc warriors
  2 ogres
  4 centaurs
  3 ice beasts
  4 phantoms
  3 big kobolds
  Blork the orc (D:6)
  3 giant frogs
  A water moccasin zombie (D:10)
  3 scorpions
  Dowan (D:4)
  18 killer bees
  4 wights (D:10)
  A crimson imp (D:9)
  2 quasits
  3 centaur zombies
  3 orc wizards
  4 orc priests
  4 centaur skeletons
  4 hounds
  3 jellies
  A giant frog skeleton (D:7)
  3 iguanas
  Terence (D:2)
  4 worker ants
  2 hound skeletons
  2 worker ant zombies
  9 adders
  14 gnolls
  3 shadow imps
  3 oozes
  3 adder zombies
  2 adder skeletons
  3 worms
  5 giant geckos
  19 orcs
  10 bats
  6 giant cockroaches
  15 goblins
  6 hobgoblins
  37 kobolds
  6 quokkas
  2 ball pythons
  A giant cockroach zombie (D:6)
  A giant gecko skeleton (D:8)
  A giant gecko zombie (D:8)
  8 giant newts
  14 jackals
  A jackal skeleton (D:2)
  21 rats
  A spectral orc (D:4)
310 creatures vanquished.

Vanquished Creatures (others)
  3 slaves (D:9)
  A sky beast (D:7)
  A scorpion (D:9)
  A killer bee (D:7)
  A quasit (D:9)
  A rat (D:11)
  10 fungi (D:11)
  4 plants (D:11)
22 creatures vanquished.

Grand Total: 332 creatures vanquished

Notes
Turn   | Place    | Note
--------------------------------------------------------------
     0 | D:1      | Ijustatesigmund the Naga Wizard began the quest for the Orb.
     0 | D:1      | Reached XP level 1. HP: 15/15 MP: 4/4
   313 | D:1      | Reached XP level 2. HP: 22/22 MP: 4/6
   317 | D:1      | Learned a level 2 spell: Blink
   320 | D:1      | Learned a level 2 spell: Repel Missiles
  1027 | D:1      | Reached skill level 1 in Short Blades
  1027 | D:1      | Reached skill level 4 in Stealth
  1027 | D:1      | Reached XP level 3. HP: 28/28 MP: 2/7
  1039 | D:1      | Learned a level 3 spell: Mephitic Cloud
  1883 | D:2      | Noticed Terence
  1910 | D:2      | Killed Terence
  1910 | D:2      | Reached skill level 1 in Poison Magic
  1910 | D:2      | Reached XP level 4. HP: 10/36 MP: 3/8
  2254 | D:2      | Reached skill level 1 in Air Magic
  2340 | D:2      | Found a shimmering altar of Xom.
  2340 | D:2      | Found a shimmering altar of Xom.
  2340 | D:2      | Found a shimmering altar of Xom.
  2341 | D:2      | Found a shimmering altar of Xom.
  2341 | D:2      | Found a shimmering altar of Xom.
  2346 | D:2      | Found a shimmering altar of Xom.
  2347 | D:2      | Found a shimmering altar of Xom.
  2347 | D:2      | Found a shimmering altar of Xom.
  2348 | D:2      | Found a shimmering altar of Xom.
  2809 | D:2      | Reached skill level 5 in Stealth
  3025 | D:2      | Reached XP level 5. HP: 35/42 MP: 1/9
  4476 | D:4      | Reached XP level 6. HP: 40/49 MP: 1/10
  4486 | D:4      | Reached skill level 6 in Stealth
  4741 | D:4      | Noticed an ogre
  4835 | D:4      | Killed an ogre
  5087 | D:4      | Noticed Duvessa
  5175 | D:4      | Noticed Dowan
  5179 | D:4      | Killed Dowan
  5179 | D:4      | Reached XP level 7. HP: 55/55 MP: 6/11
  5223 | D:4      | Killed Duvessa
  5387 | D:4      | Found a basalt altar of Yredelemnul.
  5531 | D:4      | Found a shattered altar of Ashenzari.
  5533 | D:4      | Found a burning altar of Makhleb.
  5536 | D:4      | Found a shimmering altar of Xom.
  5602 | D:5      | Entered Level 5 of the Dungeon
  5603 | D:5      | Reached skill level 7 in Stealth
  5732 | D:5      | Found a sparkling altar of Nemelex Xobeh.
  5935 | D:5      | Found Alowke's Weapon Shop.
  5946 | D:5      | Reached skill level 1 in Fighting
  6114 | D:5      | Reached XP level 8. HP: 58/64 MP: 3/12
  6223 | D:5      | Noticed Prince Ribbit
  6310 | D:5      | Killed Prince Ribbit
  6560 | D:6      | Found a sparkling altar of Nemelex Xobeh.
  6656 | D:6      | Reached skill level 5 in Conjurations
  6767 | D:6      | Noticed Blork the orc
  6774 | D:6      | Killed Blork the orc
  6870 | D:6      | Found a shadowy altar of Dithmenos.
  7579 | D:6      | Reached skill level 5 in Air Magic
  7607 | D:6      | Got a shimmering chain mail
  7618 | D:6      | Identified the +2 chain mail of the Hare {MR+ rCorr Stlth+} (You found it on level 6 of the Dungeon)
  7751 | D:6      | Reached XP level 9. HP: 57/74 MP: 5/13
  8273 | D:7      | Learned a level 3 spell: Conjure Flame
  8764 | D:7      | Gained mutation: You are partially covered in slimy green scales (AC +2). [potion of mutation]
  8764 | D:7      | Gained mutation: You can exhale a cloud of poison. [potion of mutation]
  8764 | D:7      | Gained mutation: You occasionally shout uncontrollably at your foes. [potion of mutation]
  8769 | D:7      | Found Ofrietof's Gadget Shop.
  8777 | D:7      | Found a sparkling altar of Nemelex Xobeh.
  9555 | D:7      | Found a staircase to the Ecumenical Temple.
  9564 | Temple   | Entered the Ecumenical Temple
  9677 | Temple   | Became a worshipper of Cheibriados the Contemplative
  9794 | D:7      | Lost mutation: You occasionally shout uncontrollably at your foes. [potion of cure mutation]
  9794 | D:7      | Lost mutation: You can exhale a cloud of poison. [potion of cure mutation]
  9794 | D:7      | Lost mutation: You are partially covered in slimy green scales (AC +2). [potion of cure mutation]
  9840 | D:8      | Noticed Uberwunderbarhen's ghost (novice OpFi)
 10220 | D:7      | Reached skill level 1 in Invocations
 10520 | D:7      | Reached skill level 8 in Conjurations
 10695 | D:8      | Reached * piety under Cheibriados
 10960 | D:8      | Reached XP level 10. HP: 75/81 MP: 14/14
 10966 | D:8      | Learned a level 4 spell: Olgreb's Toxic Radiance
 11159 | D:9      | Reached skill level 5 in Poison Magic
 11212 | D:8      | Reached skill level 9 in Stealth
 11366 | D:8      | Found Ebepotue's General Store.
 11375 | D:8      | Bought a potion of heal wounds for 75 gold pieces
 11438 | D:8      | Killed Uberwunderbarhen's ghost
 11712 | D:8      | Reached ** piety under Cheibriados
 11754 | D:8      | Noticed Joseph
 11782 | D:7      | Reached skill level 10 in Stealth
 11820 | D:8      | Found a radiant altar of Vehumet.
 12086 | D:8      | Killed Joseph
 12183 | D:9      | Noticed Pikel
 12189 | D:9      | Noticed Erolcha
 12195 | D:9      | Killed Pikel
 12195 | D:9      | Reached skill level 5 in Spellcasting
 12216 | D:9      | Killed Erolcha
 12223 | D:9      | Learned a level 4 spell: Iskenderun's Mystic Blast
 12226 | D:9      | Learned a level 2 spell: Ensorcelled Hibernation
 12315 | D:9      | Reached skill level 1 in Hexes
 12315 | D:9      | Reached skill level 1 in Ice Magic
 12356 | D:9      | Reached XP level 11. HP: 87/87 MP: 19/20
 12383 | D:9      | Found a staircase to the Orcish Mines.
 12443 | D:9      | Found Efotre's Magic Scroll Boutique.
 12450 | D:9      | Bought a scroll of identify for 20 gold pieces
 12450 | D:9      | Bought a scroll of identify for 20 gold pieces
 12450 | D:9      | Bought a scroll of identify for 20 gold pieces
 12450 | D:9      | Bought a scroll of fog for 20 gold pieces
 12712 | D:9      | Noticed Maurice
 12717 | D:9      | Killed Maurice
 12831 | D:10     | Entered Level 10 of the Dungeon
 12831 | D:10     | Noticed a hill giant
 12845 | D:10     | Killed a hill giant
 12908 | D:10     | Reached *** piety under Cheibriados
 12912 | D:10     | Noticed a hill giant
 12918 | D:10     | Noticed Urug
 12919 | D:10     | Noticed an ogre mage
 12924 | D:10     | Noticed a hill giant
 13033 | D:10     | Killed Urug
 13154 | D:10     | Identified a scroll of acquirement
 13569 | D:10     | Reached **** piety under Cheibriados
 13594 | D:10     | Got an encrusted scale mail
 13605 | D:10     | Identified the +5 scale mail of Qazlal's Generosity {rElec rF- Regen+} (You found it on level 10 of the Dungeon)
 13980 | D:10     | Reached skill level 1 in Armour
 14258 | D:11     | Found a flagged portal.
 14327 | D:11     | Got a bloodstained hand axe
 14328 | D:11     | Identified the +2 hand axe "Sil Peul" {venom, Str+4} (You found it on level 11 of the Dungeon)
 14334 | Bailey   | Entered a bailey
 14345 | Bailey   | Noticed George's ghost (novice MiFi)
 14374 | Bailey   | Killed George's ghost
 14433 | Bailey   | Reached ***** piety under Cheibriados
 14434 | Bailey   | Found an iron altar of Okawaru.
 14598 | D:12     | Noticed a hill giant
 14606 | D:12     | Mangled by a hill giant

Vault maps used:
D:1:      dpeg_arrival_concentric_ovals
D:2:      first_bread, xom_redecorated, uniq_terence
D:3:      kennysheep_generic_room_5
D:4:      minitemple, yredelemnul_forgotten_temple_becter, uniq_duvessa
D:5:      serial_shops, nicolae_shop_trees, basic_altar, uniq_prince_ribbit1
D:6:      lemuel_crystal_altar, grunt_dithmenos_shadows, uniq_blork_the_orc
D:7:      lemuel_temple_firewalk_marked, basic_altar, serial_shops,
          nicolae_shop_stone
D:8:      vehumet_altar_wand_db, serial_shops, shop, hangedman_pestilent_swarm,
          uniq_joseph
D:9:      orc_0_dummy, serial_shops, nicolae_shop_crystal,
          kennysheep_pointless_box, uniq_erolcha, uniq_pikel, uniq_maurice
D:10:     minivault_12, uniq_urug
D:11:     grunt_lair_entry_elf_guard_hut, enter_bailey_2
D:12:     enter_trove_6
Temple:   nicolae_temple_figure_eight
Bailey:   bailey_axe_3, bailey

Action                   |  1- 3 |  4- 6 |  7- 9 | 10-12 || total
-------------------------+-------+-------+-------+-------++-------
Melee: Dagger            |    53 |   176 |   462 |   226 ||   917
       Short sword       |       |       |       |   114 ||   114
Throw: Tomahawk          |       |     6 |     6 |       ||    12
 Cast: Magic Dart        |    82 |   151 |   267 |   251 ||   751
       Mephitic Cloud    |     1 |     5 |    32 |    30 ||    68
       Repel Missiles    |       |     1 |     3 |     2 ||     6
       Blink             |       |     1 |     5 |     4 ||    10
       Olgreb's Toxic Ra |       |       |       |     4 ||     4
       Iskenderun's Myst |       |       |       |     6 ||     6
Evoke: Wand              |       |       |       |     4 ||     4
  Use: Scroll            |     3 |     7 |     9 |     8 ||    27
       Potion            |       |       |     6 |     3 ||     9
 Stab: Sleeping          |     3 |     3 |     9 |     8 ||    23
       Confused          |     2 |     3 |    21 |    22 ||    48
       Distracted        |       |       |       |     1 ||     1
  Eat: Chunk             |     1 |     9 |     4 |     4 ||    18
       Fruit             |       |     3 |       |       ||     3
       Royal jelly       |       |       |     1 |     1 ||     2
       Beef jerky        |       |       |     1 |     1 ||     2
       Meat ration       |       |       |     1 |       ||     1
       Bread ration      |       |       |     2 |     3 ||     5
